 Dungeon Crawl Stone Soup version 0.24.1 (webtiles) character file.

Game seed: 5652057145770691905, levelgen mode: deterministic

9598 Brecoman the Thaumaturge (level 11, -7/81 HPs)
             Began as a Gnoll Wizard on Mar 23, 2020.
             Was an Initiate of Gozag.
             Killed from afar by a deep elf mage (27 damage)
             ... with a bolt of lightning
             ... on level 13 of the Dungeon on Mar 27, 2020.
             The game lasted 00:58:52 (18697 turns).

Brecoman the Thaumaturge (Gnoll Wizard)            Turns: 18697, Time: 00:58:53

Health: -7/81      AC: 10    Str: 13    XL:     11   Next: 49%
Magic:  24/24      EV: 16    Int: 21    God:    Gozag
Gold:   2223       SH:  0    Dex: 13    Spells: 12/29 levels left

rFire    . . .     SeeInvis .   n - +0 lajatang (pain)
rCold    . . .     Gourm    .   (shield currently unavailable)
rNeg     . . .     Faith    .   x - +0 leather armour
rPois    .         Spirit   .   l - +1 hat
rElec    .         Reflect  .   y - +0 cloak
rCorr    .         Harm     .   (no gloves)
MR       .....                  (no boots)
Stlth    +++.......             (no amulet)
HPRegen  0.23/turn              J - +3 ring of protection
MPRegen  0.19/turn              z - +1 ring of protection

@: gold aura
A: distributed training, fangs 1, strong nose
a: Potion Petition, Call Merchant, Bribe Branch, Renounce Religion


You were on level 13 of the Dungeon.
You worshipped Gozag.
Gozag was most pleased with you.
You were hungry.

You visited 1 branch of the dungeon, and saw 12 of its levels.

You collected 2556 gold pieces.
You spent 314 gold pieces at shops.
You paid 19 gold pieces to Gozag.

Inventory:

Hand Weapons
 k - a +2 short sword of electrocution
 n - a +0 lajatang of pain (weapon)
 p - a +2 dagger of venom
 t - a +0 rapier of venom
Missiles
 c - 201 arrows
 e - 310 stones (quivered)
 B - 5 throwing nets
Armour
 l - a +1 hat (worn)
 o - a +0 buckler
 x - a +0 leather armour (worn)
 y - a +0 cloak (worn)
Jewellery
 g - a +4 ring of strength
 z - a +1 ring of protection (right hand)
 E - an uncursed ring of stealth
 J - a +3 ring of protection (left hand)
 N - an uncursed ring of poison resistance
Wands
 f - a wand of disintegration (14)
 r - a wand of random effects (68)
 F - a wand of paralysis (12)
 I - a wand of acid (2)
Scrolls
 a - 2 scrolls of magic mapping
 h - 4 scrolls of teleportation
 m - a scroll of remove curse
 u - 2 scrolls of enchant armour
 A - a scroll of amnesia
 C - 4 scrolls of fog
 H - a scroll of fear
 M - a scroll of torment {unknown}
Potions
 i - 2 potions of mutation
 j - a potion of invisibility
 q - a potion of berserk rage
 s - 3 potions of heal wounds
 v - 3 potions of curing
 w - 3 potions of flight
 D - 2 potions of lignification
 G - 2 potions of magic
 K - a potion of degeneration
 L - a potion of haste
 O - a potion of brilliance {unknown}
Miscellaneous
 b - a phial of floods
Comestibles
 d - 10 rations


   Skills:
 + Level 6.2 Fighting
 + Level 6.2 Short Blades
 + Level 6.2 Long Blades
 + Level 6.2 Axes
 + Level 6.2 Maces & Flails
 + Level 6.2 Polearms
 + Level 6.2 Staves
 + Level 6.2 Slings
 + Level 6.2 Bows
 + Level 6.2 Crossbows
 + Level 6.2 Throwing
 + Level 6.2 Armour
 + Level 7.8 Dodging
 + Level 7.6 Stealth
 + Level 6.2 Shields
 + Level 6.2 Unarmed Combat
 + Level 9.5 Spellcasting
 + Level 5.6 Conjurations
 + Level 5.1 Hexes
 + Level 5.1 Charms
 + Level 5.6 Summonings
 + Level 5.1 Necromancy
 + Level 5.6 Translocations
 + Level 5.1 Transmutations
 + Level 5.1 Fire Magic
 + Level 5.1 Ice Magic
 + Level 5.1 Air Magic
 + Level 5.1 Earth Magic
 + Level 5.1 Poison Magic
 + Level 6.8 Invocations
 + Level 6.2 Evocations


You had 12 spell levels left.
You knew the following spells:

 Your Spells              Type           Power        Failure   Level  Hunger
a - Magic Dart            Conj           ####         1%          1    None
b - Blink                 Tloc           N/A          1%          2    None
c - Call Imp              Summ           ####....     1%          2    None
d - Conjure Flame         Conj/Fire      ####....     2%          3    None
e - Mephitic Cloud        Conj/Pois/Air  ####....     2%          3    None
f - Sticks to Snakes      Tmut           ####....     1%          2    None
g - Olgreb's Toxic Radia  Pois           ####....     10%         4    ##.....

Your spell library contained the following spells:

 Spells                   Type           Power        Failure   Level  Hunger
 Beastly Appendage        Tmut           ####..       1%          1    None
 Sting                    Conj/Pois      ####         1%          1    None
 Poisonous Vapours        Pois/Air       ####..       1%          2    None
 Slow                     Hex            ####....     1%          2    None
 Spider Form              Tmut/Pois      ####......   3%          3    None
 Ice Form                 Ice/Tmut       ####....     10%         4    ##.....
 Venom Bolt               Conj/Pois      ####......   26%         5    ####...
 Blade Hands              Tmut           ####......   28%         5    ####...


Dungeon Overview and Level Annotations

Branches:
Dungeon (11/15)            Temple (0/1) D:5            Lair (0/6) D:9
    Orc (0/2) D:10

Altars:
Ashenzari
Cheibriados
Dithmenos
Gozag
Kikubaaqudgha
Makhleb
Okawaru
Ru
Trog
Uskayaw
Wu Jian
Xom
Zin
The Shining One

Shops:
D:8 =   D:9 %%**=

Portals:
Trove: D:10 (give 13 scrolls of teleportation)


Innate Abilities, Weirdness & Mutations

Your experience applies equally to all skills.
You have very sharp teeth.
Your uncanny sense of smell can sniff out nearby items.


Message History

The vampire mosquito draws strength from your injuries!
The vampire mosquito bites you but does no damage.
The vampire mosquito closely misses you.
An orc comes into view. It is wielding a +0 hand axe.
The vampire mosquito closely misses you.
A shadow comes into view.
The orc moves out of view.
The deep elf mage gestures at you while chanting.
The bolt of lightning hits the orc!
The orc dies!
The bolt of lightning hits you!!
* * * LOW HITPOINT WARNING * * *
The vampire mosquito closely misses you.
You hear a shout!
Found 4 gold pieces.
The deep elf mage gestures at you while chanting.
The bolt of lightning hits the gargoyle.
The gargoyle resists.
The bolt of lightning hits you!!
You die...
Your body crumbles into a pile of gold.

*,*,****##,*,*,*,*
,,,,,,,,#.#,*,*,**
,******,##.#,*,*,*
** *,,,,#.#e#,*,**
* *<***##.#$#,*,*
****,* #.#W#9#,##
,,,,,* ##.#.#.#.#
,***** #.#.#.#.##
*** *#Y#.#.#@# ,,*
*,#.#y#y## ,,*
**,#Y#.#.#* ,,*
****######.#
********,,,,,,**,.#
,,,,,,,,,,∆,,,,,,*#
********,,,<,,****
*,,,,,,* *,,,,,,*


You could see a deep elf mage, a vampire mosquito and a gargoyle.

Vanquished Creatures
  A two-headed ogre (D:10)
  A manticore (D:11)
  2 trolls (D:9)
  3 hippogriffs
  11 yaks
  4 hogs (D:7)
  A human (D:7)
  A steam dragon (D:10)
  2 sky beasts (D:7)
  2 ice beasts
  3 orc warriors
  2 phantoms
  5 ogres
  5 centaurs
  3 big kobolds
  4 bullfrogs
  3 scorpions
  8 killer bees
  5 wights
  An electric eel (D:10)
  2 howler monkeys
  5 crimson imps
  2 bullfrog zombies
  2 quasits
  A centaur zombie (D:8)
  2 gnoll shamans (D:4)
  3 jellies
  9 orc wizards
  7 hounds
  9 orc priests
  2 centaur skeletons
  An iron imp (D:9)
  A bullfrog skeleton (D:5)
  10 worker ants
  A hound zombie (D:4)
  A worker ant zombie (D:9)
  A howler monkey skeleton (D:8)
  38 gnolls (D:4)
  9 adders
  A shadow imp (D:8)
  2 oozes
  3 adder skeletons
  An adder zombie (D:8)
  8 worms
  A dart slug (D:1)
  10 leopard geckos
  46 orcs
  11 bats
  2 giant cockroaches
  7 goblins
  3 hobgoblins
  29 jackals
  30 kobolds
  7 quokkas
  2 ball pythons
  A frilled lizard (D:1)
  2 goblin skeletons (D:9)
  A goblin zombie (D:9)
  4 hobgoblin zombies (D:9)
  A kobold skeleton (D:9)
  A kobold zombie (D:9)
  An orc skeleton (D:9)
  2 orc zombies (D:9)
  A quokka skeleton (D:4)
  10 rats
360 creatures vanquished.

Vanquished Creatures (collateral kills)
  A killer bee (D:7)
  2 orc priests
  An orc wizard (D:2)
  4 adders
  A worm (D:2)
  An orc (D:2)
  A giant cockroach (D:2)
  2 hobgoblins
  A jackal (D:2)
  A quokka (D:2)
15 creatures vanquished.

Vanquished Creatures (others)
  An orc (D:13)
1 creature vanquished.

Grand Total: 376 creatures vanquished

Notes
Turn   | Place    | Note
-------+----------+-------------------------------------------
     0 | D:1      | Brecoman the Gnoll Wizard began the quest for the Orb.
     0 | D:1      | Reached XP level 1. HP: 13/13 MP: 8/8
   239 | D:1      | Reached XP level 2. HP: 18/19 MP: 2/10
   440 | D:1      | Learned a level 2 spell: Blink
   443 | D:1      | Learned a level 2 spell: Call Imp
   917 | D:2      | Reached XP level 3. HP: 25/25 MP: 7/11
  1064 | D:2      | Reached skill level 1 in Invocations
  1502 | D:2      | Reached skill level 1 in Fighting
  1502 | D:2      | Reached skill level 1 in Short Blades
  1502 | D:2      | Reached skill level 1 in Long Blades
  1502 | D:2      | Reached skill level 1 in Axes
  1502 | D:2      | Reached skill level 1 in Maces & Flails
  1502 | D:2      | Reached skill level 1 in Polearms
  1502 | D:2      | Reached skill level 1 in Staves
  1502 | D:2      | Reached skill level 1 in Slings
  1502 | D:2      | Reached skill level 1 in Bows
  1502 | D:2      | Reached skill level 1 in Crossbows
  1502 | D:2      | Reached skill level 1 in Throwing
  1502 | D:2      | Reached skill level 1 in Armour
  1502 | D:2      | Reached skill level 1 in Shields
  1502 | D:2      | Reached skill level 1 in Unarmed Combat
  1502 | D:2      | Reached skill level 1 in Evocations
  1526 | D:2      | Reached XP level 4. HP: 31/32 MP: 5/13
  1624 | D:2      | Reached skill level 1 in Hexes
  1624 | D:2      | Reached skill level 1 in Charms
  1624 | D:2      | Reached skill level 1 in Necromancy
  1624 | D:2      | Reached skill level 1 in Transmutations
  1624 | D:2      | Reached skill level 1 in Fire Magic
  1624 | D:2      | Reached skill level 1 in Ice Magic
  1624 | D:2      | Reached skill level 1 in Air Magic
  1624 | D:2      | Reached skill level 1 in Earth Magic
  1624 | D:2      | Reached skill level 1 in Poison Magic
  1761 | D:2      | Reached XP level 5. HP: 32/37 MP: 6/14
  2186 | D:2      | Learned a level 3 spell: Conjure Flame
  2190 | D:2      | Learned a level 3 spell: Mephitic Cloud
  2694 | D:3      | Found a hide-covered altar of Uskayaw.
  2695 | D:3      | Noticed a +0 dagger
  2696 | D:3      | Noticed a +0 dagger
  3140 | D:3      | Found an opulent altar of Gozag.
  3315 | D:3      | Found an opulent altar of Gozag.
  3322 | D:3      | Reached XP level 6. HP: 28/44 MP: 12/16
  3552 | D:3      | Became a worshipper of Gozag Ym Sagoz the Greedy
  4059 | D:3      | Found an opulent altar of Gozag.
  4147 | D:3      | Found a hide-covered altar of Uskayaw.
  4238 | D:3      | Reached skill level 5 in Dodging
  5015 | D:4      | Found an iron altar of Okawaru.
  5020 | D:4      | Noticed a moth of wrath
  5023 | D:4      | Found a bloodstained altar of Trog.
  5145 | D:4      | Reached XP level 7. HP: 37/50 MP: 10/18
  5256 | D:4      | Found a sacrificial altar of Ru.
  5627 | D:3      | HP: 2/51 [poisoned by a worker ant]
  5635 | D:3      | HP: 2/51 [poisoned by a worker ant]
  5975 | D:4      | Found a snail-covered altar of Cheibriados.
  5980 | D:4      | Learned a level 2 spell: Sticks to Snakes
  6317 | D:4      | Reached skill level 5 in Stealth
  6611 | D:4      | Reached XP level 8. HP: 45/57 MP: 7/19
  7690 | D:4      | Reached skill level 8 in Spellcasting
  7776 | D:4      | Found a shimmering altar of Xom.
  7777 | D:4      | Noticed an angel
  7788 | D:4      | Found a glowing silver altar of Zin.
  8016 | D:5      | Entered Level 5 of the Dungeon
  8073 | D:5      | Found an ancient bone altar of Kikubaaqudgha.
  8649 | D:5      | Found a staircase to the Ecumenical Temple.
  9193 | D:6      | Reached XP level 9. HP: 54/65 MP: 21/21
  9500 | D:6      | Found a shadowy altar of Dithmenos.
 10606 | D:7      | HP: 3/65 [poisoned by a killer bee]
 10611 | D:7      | HP: 2/65 [poisoned by a killer bee]
 10619 | D:7      | HP: 2/65 [poisoned by a killer bee]
 10627 | D:7      | HP: 2/65 [poisoned by a killer bee]
 11260 | D:8      | Reached skill level 5 in Invocations
 11696 | D:7      | Reached XP level 10. HP: 64/73 MP: 4/22
 11901 | D:8      | Found a shattered altar of Ashenzari.
 11919 | D:8      | Found Wiecil's Jewellery Shop.
 12664 | D:8      | Reached skill level 5 in Fighting
 12664 | D:8      | Reached skill level 5 in Short Blades
 12664 | D:8      | Reached skill level 5 in Long Blades
 12664 | D:8      | Reached skill level 5 in Axes
 12664 | D:8      | Reached skill level 5 in Maces & Flails
 12664 | D:8      | Reached skill level 5 in Polearms
 12664 | D:8      | Reached skill level 5 in Staves
 12664 | D:8      | Reached skill level 5 in Slings
 12664 | D:8      | Reached skill level 5 in Bows
 12664 | D:8      | Reached skill level 5 in Crossbows
 12664 | D:8      | Reached skill level 5 in Throwing
 12664 | D:8      | Reached skill level 5 in Armour
 12664 | D:8      | Reached skill level 5 in Shields
 12664 | D:8      | Reached skill level 5 in Unarmed Combat
 12664 | D:8      | Reached skill level 5 in Evocations
 13528 | D:9      | Found Wudash's Food Shoppe.
 13536 | D:9      | Found Ufoodeu's Assorted Antiques.
 13935 | D:9      | Found a glowing golden altar of the Shining One.
 13960 | D:9      | Found an ornate altar of the Wu Jian Council.
 14073 | D:9      | Found a staircase to the Lair.
 14675 | D:9      | Found Papnosee's Food Shop.
 14681 | D:9      | Bought a ration for 55 gold pieces
 14681 | D:9      | Bought a ration for 55 gold pieces
 14681 | D:9      | Bought a ration for 55 gold pieces
 14681 | D:9      | Bought a ration for 55 gold pieces
 14681 | D:9      | Bought a ration for 55 gold pieces
 14686 | D:9      | Found Ykoacvei's Assorted Antiques.
 14690 | D:9      | Bought a fizzy white potion for 18 gold pieces
 14690 | D:9      | Bought a scroll labeled COCWIVVYQUE for 21 gold pieces
 14701 | D:9      | Found Ilaos's Jewellery Boutique.
 14900 | D:9      | Found a burning altar of Makhleb.
 15082 | D:10     | Entered Level 10 of the Dungeon
 15097 | D:9      | Reached skill level 9 in Spellcasting
 15344 | D:9      | HP: 1/74 [orc priest/divine providence (14)]
 16110 | D:9      | Reached skill level 5 in Conjurations
 16110 | D:9      | Reached skill level 5 in Summonings
 16110 | D:9      | Reached skill level 5 in Translocations
 16618 | D:10     | Found a staircase to the Orcish Mines.
 16686 | D:10     | Learned a level 4 spell: Olgreb's Toxic Radiance
 16834 | D:10     | Found a portal to a secret trove of treasure.
 16916 | D:10     | Reached XP level 11. HP: 60/81 MP: 13/24
 17442 | D:10     | Noticed a two-headed ogre
 17455 | D:10     | Killed a two-headed ogre
 17455 | D:10     | Reached skill level 5 in Hexes
 17455 | D:10     | Reached skill level 5 in Charms
 17455 | D:10     | Reached skill level 5 in Necromancy
 17455 | D:10     | Reached skill level 5 in Transmutations
 17455 | D:10     | Reached skill level 5 in Fire Magic
 17455 | D:10     | Reached skill level 5 in Ice Magic
 17455 | D:10     | Reached skill level 5 in Air Magic
 17455 | D:10     | Reached skill level 5 in Earth Magic
 17455 | D:10     | Reached skill level 5 in Poison Magic
 17619 | D:11     | Noticed a manticore
 17633 | D:11     | Killed a manticore
 18688 | D:11     | You fall into a shaft and drop 2 floors!
 18689 | D:13     | Noticed a deep elf mage
 18697 | D:13     | Killed from afar by a deep elf mage

Levels and vault maps discovered:
D:1:      evilmike_arrival_fibonacci_small, layout_loops_ring
D:2:      layout_loops_cross
D:3:      layout_basic, dancing_weapons_uskayaw, grunt_gozag_breadcrumbs,
          first_ration, kennysheep_flooded_box
D:4:      lemuel_castle_with_subvaults [lemuel_castle_interior_carwin_1],
          layout_cave_pools, grunt_temple_overflow_order_and_chaos_1,
          lemuel_round_altar, tgw_trog, nicolae_ru_awakened_eye,
          cheibriados_altar_1, minmay_misc_feat_roman
D:5:      layout_loops_ring, temple_hall, basic_altar
D:6:      layout_basic, lemuel_round_altar
D:7:      layout_rooms, grunt_livestock, serial_bayou_pond_d
D:8:      layout_rooms, ashenzari_conservatory_becter, serial_shops,
          shop_fountains
D:9:      layout_big_octagon, nicolae_tso_besieged_by_evil, old_standard_altar,
          overflow_temple_1_default, lair_entry_dummy, serial_shops,
          nicolae_shop_window_shopping,
          nicolae_shop_competitors_out_of_business, shop_coins,
          nicolae_shop_waterfront, shop_fountains, serial_column_ruins,
          column_ruins_hut, column_ruins_grid_1, column_ruins_corridor_corner,
          column_ruins_open_small, column_ruins_columns_water,
          column_ruins_grid_1
D:10:     layout_long_grid, hiddenorc2_lemuel, enter_trove_2, serial_bayou,
          serial_bayou_pond_b, serial_bayou_shore_b, serial_bayou_pond_a,
          serial_bayou_lagoon_a, hangedman_decor_slide_cut
D:11:     layout_basic, minivault_27
D:13:     layout_rooms, david_vaults_5, ebering_ghost_rock_garden, serial_shops,
          kennysheep_mini

Skill      XL: |  1  2  3  4  5  6  7  8  9 10 11 |
---------------+----------------------------------+-----
Conjurations   | 2 3 4 5 |  5.6
Summonings     | 2 3 4 5 |  5.6
Translocations | 2 3 4 5 |  5.6
Invocations    | 1 2 3 4 5 6 |  6.8
Fighting       | 1 2 3 4 5 6 |  6.2
Short Blades   | 1 2 3 4 5 6 |  6.2
Long Blades    | 1 2 3 4 5 6 |  6.2
Axes           | 1 2 3 4 5 6 |  6.2
Maces & Flails | 1 2 3 4 5 6 |  6.2
Polearms       | 1 2 3 4 5 6 |  6.2
Staves         | 1 2 3 4 5 6 |  6.2
Slings         | 1 2 3 4 5 6 |  6.2
Bows           | 1 2 3 4 5 6 |  6.2
Crossbows      | 1 2 3 4 5 6 |  6.2
Throwing       | 1 2 3 4 5 6 |  6.2
Armour         | 1 2 3 4 5 6 |  6.2
Shields        | 1 2 3 4 5 6 |  6.2
Unarmed Combat | 1 2 3 4 5 6 |  6.2
Evocations     | 1 2 3 4 5 6 |  6.2
Hexes          | 1 2 3 4 5 |  5.1
Charms         | 1 2 3 4 5 |  5.1
Necromancy     | 1 2 3 4 5 |  5.1
Transmutations | 1 2 3 4 5 |  5.1
Fire Magic     | 1 2 3 4 5 |  5.1
Ice Magic      | 1 2 3 4 5 |  5.1
Air Magic      | 1 2 3 4 5 |  5.1
Earth Magic    | 1 2 3 4 5 |  5.1
Poison Magic   | 1 2 3 4 5 |  5.1
Dodging        | 5 6 7 |  7.8
Stealth        | 5 6 7 |  7.6
Spellcasting   | 8 9 |  9.5

Action                   |  1- 3 |  4- 6 |  7- 9 | 10-12 || total
-------------------------+-------+-------+-------+-------++-------
Melee: Unarmed           |     1 |       |       |       ||     1
       Dagger            |       |    74 |       |       ||    74
       Bite              |       |     6 |    17 |    31 ||    54
       Short sword       |       |    21 |   327 |     3 ||   351
       Punch             |       |       |     2 |       ||     2
       Lajatang          |       |       |       |   422 ||   422
 Cast: Magic Dart        |    84 |   100 |   204 |   216 ||   604
       Call Imp          |     5 |    10 |     4 |       ||    19
       Conjure Flame     |       |     2 |    10 |    20 ||    32
       Mephitic Cloud    |       |     2 |     3 |    12 ||    17
       Sticks to Snakes  |       |       |     2 |       ||     2
       Blink             |       |       |       |     5 ||     5
       Olgreb's Toxic Ra |       |       |       |     5 ||     5
  Use: Scroll            |       |       |    17 |     4 ||    21
       Potion            |       |       |       |     2 ||     2
 Stab: Sleeping          |       |     1 |    16 |     4 ||    21
       Distracted        |       |     1 |     3 |     1 ||     5
       Confused          |       |       |     4 |     3 ||     7
  Eat: Chunk             |     2 |     6 |       |       ||     8
       Ration            |       |     1 |     6 |     7 ||    14
Armor: Robe              |     1 |     8 |    30 |       ||    39
       Leather armour    |       |       |     4 |   155 ||   159
Dodge: Dodged            |    15 |    68 |   205 |   606 ||   894
Block: Buckler           |       |       |    24 |       ||    24
